Cogmind - Beta 10.2 @@@ ROGUE MODE // 2021.07.11 @ 22:52:19 Player: Sifan Result: Destroyed by G-34 Mercenary with Small Laser Performance ------------- Evolutions (0) 0 Regions Visited (1) 200 Robots Destroyed (22) 110 Value Destroyed (374) 374 Prototype IDs (0) 0 Alien Tech Used (0) 0 Bonus (0) 0 TOTAL SCORE: 684 Bonus ------- None Cogmind --------- Core Integrity 0/250 Matter 167/300 Energy 91/100 System Corruption 0% Temperature Cool (48) Movement Core (50) Location -10/Materials Parts ------- > --- POWER (1) -------- (None) > --- PROPULSION (2) --- (None) > --- UTILITY (2) ------ Seismic Analyzer > --- WEAPON (2) ------- (None) > --- INVENTORY (4) ---- Small Storage Unit Medium Matter Pod (100) Peak State ------------ > --- POWER ------------ Light Ion Engine > --- PROPULSION ------- Aluminum Leg Aluminum Leg > --- UTILITY ---------- Improved Terrain Scanner Seismic Analyzer > --- WEAPON ----------- Particle Gun Particle Gun > --- INVENTORY -------- Medium Matter Pod Seismic Analyzer Assault Rifle Mining Laser [Rating: 10] Favorites ----------- Power Light Ion Engine Engine Light Ion Engine Propulsion Aluminum Leg Leg Aluminum Leg Utility Seismic Analyzer Device Improved Terrain Scanner Storage Medium Matter Pod Processor Seismic Analyzer Weapon Mining Laser Energy Gun Particle Gun Ballistic Gun Assault Rifle Launcher Grenade Launcher Special Weapon Mining Laser Build | -11 -10 ------- Run | Scr Mat Slots Evolved . | . . Power . | . . Propulsion . | . . Utility . | . . Weapon . | . . Parts Attached 26 | 15 11 Power 2 | 1 1 Engine 2 | 1 1 Core . | . . Reactor . | . . Propulsion 7 | 6 1 Treads . | . . Leg 7 | 6 1 Wheel . | . . Hover . | . . Flight . | . . Utility 5 | 3 2 Device 3 | 1 2 Storage 1 | 1 . Processor 1 | 1 . Hackware . | . . Protection . | . . Artifact . | . . Weapon 12 | 5 7 Energy Gun 5 | 2 3 Energy Cannon . | . . Ballistic Gun 2 | 2 . Ballistic Cannon . | . . Launcher 1 | . 1 Special Weapon 4 | 1 3 Impact Weapon . | . . Slashing Weapon . | . . Piercing Weapon . | . . Special Melee Weapon . | . . Unidentified Prototypes . | . . Parts Lost 12 | . 12 Power 2 | . 2 Propulsion 3 | . 3 Utility 2 | . 2 Weapon 5 | . 5 Highest Loss Streak 7 | . 7 Average Slot Usage (%) 90 | . 90 Engine 12 | . 12 Leg 24 | . 24 Device 13 | . 13 Processor 14 | . 14 Energy Gun 12 | . 12 Launcher 4 | . 4 Special Weapon 8 | . 8 Naked Turns . | . . Heaviest Build 10 | 8 10 Greatest Support 20 | 20 20 Greatest Overweight (x) 1 | . 1 Average Overweight (x) . | . . Largest Inventory Capacity 4 | 4 4 Average Capacity 4 | 4 4 Most Carried 4 | 4 4 Average Carried 2 | 2 3 Final Capacity 4 | 4 4 Final Carried 4 | 4 2 Class Distribution -------------------- 100% | Mutant Dominant Class ---------------- Mutant | -10/Materials Resources | -11 -10 ----------- Run | Scr Mat Matter Collected 555 | 461 94 Remotely . | . . Salvage Created 564 | 144 420 Parts 39 | 17 22 Haulers Intercepted . | . . Recyclers Shooed 1 | . 1 Parts Field Recycled . | . . Retrieved Matter . | . . Parts Self-Destructed . | . . Prevented . | . . Kills | -11 -10 ------- Run | Scr Mat Combat Hostiles Destroyed 8 | 1 7 Guns 3 | 1 2 AOE 5 | . 5 Classes Destroyed 7 | 3 4 Worker 3 | 1 2 Builder 2 | . 2 Tunneler 4 | 4 . Recycler 3 | . 3 Watcher 2 | . 2 Swarmer 3 | . 3 Grunt 5 | 1 4 Best Kill Streak 5 | 1 5 Combat Bots Only 3 | 1 3 Max Kills in Single Turn 2 | 1 2 Gunslinging . | . . Exploded 1 | . 1 Melee . | . . Uniques/NPCs Destroyed . | . . Combat | -11 -10 -------- Run | Scr Mat Damage Taken 897 | 34 863 Core 258 | . 258 Absorbed by Shields . | . . Core Remaining (%) 100 | 100 . Volleys Fired 75 | 21 54 Largest 2 | 2 2 Hottest 165 | 100 165 Shots Fired 102 | 33 69 Gun 74 | 29 45 Cannon . | . . Launcher 14 | . 14 Special 14 | 4 10 Kinetic 16 | 16 . Thermal 72 | 17 55 Explosive 14 | . 14 Electromagnetic . | . . Robot Hit Streak 5 | 4 5 Robot Miss Streak 6 | 5 6 Penetration Max . | . . Secondary Targets . | . . Shots Hit Robots 38 | 15 23 Core Hits 36 | 7 29 Critical Hits 1 | 1 . Critical Kills . | . . Critical Parts Destroyed 1 | 1 . Melee Attacks . | . . Impact . | . . Slashing . | . . Piercing . | . . Sneak Attacks . | . . Combat Hostiles . | . . Follow-up Attacks . | . . Damage Inflicted 1098 | 195 903 Guns 503 | 195 308 Cannons . | . . Explosions 584 | . 584 Melee . | . . Ramming . | . . Kinetic 129 | 129 . Thermal 385 | 66 319 Explosive 584 | . 584 Electromagnetic . | . . Impact . | . . Slashing . | . . Piercing . | . . Highest Corruption . | . . Average Corruption . | . . Corruption Purged . | . . Overload Shots . | . . Overflow Damage 45 | . 45 Projectiles . | . . Explosions 45 | . 45 Melee . | . . Knockbacks . | . . Impact . | . . Kinetic . | . . Secondary . | . . Self-Inflicted Damage 51 | . 51 Shots 3 | . 3 Rammed . | . . Targets Rammed . | . . Kicked . | . . Crushed . | . . Highest Temperature 303 | 40 303 Average Temperature 62 | 13 68 Received Heat Transfer 369 | 18 351 Effects 1 | . 1 Energy Bleed 1 | . 1 Siege Activations . | . . Robots Corrupted . | . . Combat Hostiles . | . . Parts Fried . | . . Impact Corruptions . | . . Robots Melted . | . . Combat Hostiles . | . . Parts Melted . | . . Heat Transferred 965 | 150 815 Parts Sabotaged . | . . Parts Stolen . | . . Parts Stripped . | . . Power Chain Reactions . | . . Missiles Intercepted . | . . Alert | -11 -10 ------- Run | Scr Mat Peak Influence 336 | 45 336 Initial . | . . Average 52 | 11 127 Maximum Alert Level 1 | . 1 Low Security (%) 87 | 100 65 Level 1 12 | . 34 Level 2 . | . . Level 3 . | . . Level 4 . | . . Level 5 . | . . High Security . | . . Max Security . | . . Squads Dispatched 2 | . 2 Investigation 1 | . 1 Extermination . | . . Reinforcement 1 | . 1 Assault . | . . Garrison . | . . Intercept . | . . Construction Impeded . | . . Haulers Reinforced . | . . Stealth | -11 -10 --------- Run | Scr Mat Distress Signals 3 | . 3 Communications Jammed . | . . Distress Signals . | . . Times Spotted 22 | 1 21 Peak Tracking Total 7 | 1 7 Tactical Retreats 1 | . 1 Traps | -11 -10 ------- Run | Scr Mat Traps Triggered . | . . Indirectly . | . . Trap Hack Attempts . | . . Triggered . | . . Disarmed . | . . Reprogrammed . | . . Reused . | . . Traps Extracted . | . . Installed . | . . Triggered . | . . Machines | -11 -10 ---------- Run | Scr Mat Machines Disabled 7 | . 7 Max in Single Turn 3 | . 3 Machines Sabotaged . | . . Garrisons Compromised . | . . Overloaded Fab Kills . | . . Fab Network Shutdowns . | . . Hacking | -11 -10 --------- Run | Scr Mat Machines Accessed 2 | . 2 Terminals 1 | . 1 Fabricators . | . . Repair Stations 1 | . 1 Recycling Units . | . . Scanalyzers . | . . Garrison Access . | . . Total Hacks 5 | . 5 Successful 2 | . 2 Failed 3 | . 3 Catastrophic 2 | . 2 Database Lockouts . | . . Manual 3 | . 3 Terminals 3 | . 3 Fabricators . | . . Repair Stations 2 | . 2 Recycling Units . | . . Scanalyzers . | . . Garrison Access . | . . Terminal Hacks 2 | . 2 Record 1 | . 1 Assault Status 1 | . 1 Fabricator Hacks . | . . Repair Station Hacks . | . . Recycling Unit Hacks . | . . Scanalyzer . | . . Garrison Access Hacks . | . . Unauthorized Hacks . | . . Terminals . | . . Fabricators . | . . Repair Stations . | . . Recycling Units . | . . Scanalyzers . | . . Garrison Access . | . . Data Cores Recovered . | . . Used . | . . Hacking Detections 2 | . 2 Full Trace Events 2 | . 2 Feedback Events . | . . Feedback Blocked . | . . Robot Schematics Acquired . | . . Robots Built . | . . Matter . | . . Time . | . . Total Robot Build Rating . | . . Part Schematics Acquired . | . . Parts Built . | . . Matter . | . . Time . | . . Total Part Build Rating . | . . Parts Repaired . | . . Time . | . . Parts Recycled . | . . Recycled Matter . | . . Retrieved Matter . | . . Retrieved Components . | . . Parts Scanalyzed . | . . Part Schematics Acquired . | . . Parts Damaged . | . . Bothacking | -11 -10 ------------ Run | Scr Mat Used RIF Installer . | . . Robots Hacked . | . . Non-combat . | . . Combat . | . . Robot Hacks Applied . | . . Relay Couplers Released . | . . Robots Rewired . | . . Allies Hacked . | . . Hacks Repelled . | . . Allies | -11 -10 -------- Run | Scr Mat Total Allies . | . . Largest Group . | . . Highest-Rated Group . | . . Highest-Rated Ally . | . . Total Orders . | . . Ally Attacks . | . . Total Damage . | . . Kills . | . . Allies Corrupted . | . . Allies Melted . | . . Intel | -11 -10 ------- Run | Scr Mat Robot Analysis Total . | . . Derelict Logs Recovered . | . . Drone Launches . | . . Drone Recoveries . | . . Exploration | -11 -10 ------------- Run | Scr Mat Turns Passed 1277 | 826 451 Spaces Moved 580 | 332 248 Core 67 | 35 32 Treads . | . . Legs 513 | 297 216 Wheels . | . . Hover . | . . Flight . | . . Fastest Speed 50 | 50 50 Average Speed 113 | 112 115 Slowest Speed 120 | 120 120 Overloaded Moves . | . . Propulsion Burnouts . | . . Robots Hopped . | . . Cave-ins Triggered . | . . Exploration Rate (%) 24 | 11 37 Regions Visited 1 Branch Regions . Pre-discovered Areas . | . . Known Exits Taken . | . . Unknown Exits Taken 1 | 1 . Scrap Searched . | . . Spaces Dug 4 | 2 2 Terrain Destroyed 66 | 3 63 Melee . | . . Projectile 7 | 3 4 AOE 59 | . 59 Terrain Rammed . | . . Walls Destroyed . | . . Machines Disabled . | . . Actions | -11 -10 --------- Run | Scr Mat Total 1073 | 744 329 Wait 364 | 358 6 Move 579 | 331 248 Hop . | . . Pick Up 17 | 12 5 Fast Attach 5 | 1 4 Attach 13 | 11 2 Detach 5 | 5 . Swap 8 | 3 5 Drop 7 | 2 5 Fire 75 | 21 54 Melee . | . . Ram . | . . Kick . | . . Crush . | . . Escape Stasis . | . . Rewire . | . . Trap . | . . Miscellaneous . | . . Route ------- -11/Scrapyard -10/Materials History --------- Turn | Location | Event 2 | -11/Scrapyard | Met Revision 17 122 | -11/Scrapyard | Discovered new exit (range 8) 827 | -11/Scrapyard | Entered Materials 828 | -10/Materials | Build established: Mutant 1234 | -10/Materials | Core integrity fell below 50% 1246 | -10/Materials | Lost 7 parts (1p2n1u3w) 1274 | -10/Materials | Core integrity fell below 20% 1278 | -10/Materials | Destroyed by G-34 Mercenary with Small Laser Last Messages --------------- 01214_ Acquired Lgt. Ion Engine. 01214_ U-05 Engineer builds a Wall. 01215_ Aluminum Leg destroyed. 01216_ K-01 Serf collects debris. Overweight warning: You are carrying more than your current propulsion can efficiently support, which slows movement; see status page ('s') or the top of the parts list for the specific mass vs. support values. 01239_ Acquired Sensor Array. 01244_ Connecting with Repair Station... 01244_ ALERT: Suspicious activity at Repair Station M001. Dispatching Investigation squad. [Achievement: One Hack Too Far] 01254_ Acquired Aluminum Leg. 01256_ Acquired Welding Torch. 01268_ Mining Laser destroyed. 01270_ Lgt. Ion Engine destroyed. 01274_ Sensor Array destroyed. 01274_ Welding Torch destroyed. 01277_ Aluminum Leg destroyed. [Achievement: First Step to Greatness] Map ----- +----------------------------------------------------+ | ????????????????????????????? ?????# | | ???????????????????????????? ?#????? | | ???????????????????????????????#?#? | | ??????????????????????????????#??# ? | | ?????????????????????????? ?? ? ?+ ? | | ??????????????????????????????#?## " | | ??????????????????????# ???#####?# " | | ??????????????????????????? # " | | ?????????????????????##?????""" # | | ???????????????????? ??# """ | | ??????????????????????# # """ | | ????????????? ????????# / | | ????????????# ???! ??? = | | ????????????# ?# !? ###### | | ????????????# ??? ? # #=! | | ????????????# ????"T" # "" | | ????????????# ?? ?""" #+# | | ????????????# ?# | | ????????????# ######### | | ????????????# # # | | ????????????# ####### | | ????????????# ? ??#### | | ????????????# ### ##???#####?# | | ?????######## ###+#####?#?##?# | | ?????# # # #?###??# " | | ?????# | g@# # " " #?#?#?## " | | ?????#! |* ggg + "R" ######### " | | ?????# |= g # """ "" # | | ?????# # # ## / | | ?????# # ########## # % | | ?????######## #?#??##### # | | ????????????# #???#???## + % | | ????????????# #???####?# # = | | ????????????# #????????######## | | ???????????? #????#??####??#?# | | ???????????? #?????#??######## | | ???????????? #??#?????# # | | ??????????? #??####??# # = | | ??????????? ##???#?#?# # [% | | ???????????! #???##?### # [! | | ???????????## #???#?#?## =# = | | ????????????? ??###?#?## =%# | | ???????????????????#####?# + | | ?????????????? ??????#?### # | | ???????????#???????#????## # | | ?????????????????##?##?#?# # | | ??????????????????##?###?# #### | | ??????????????????????##?# #?#? | | ?????????????????????#???# ##?# | | ?????????????#?????????##########??? | +----------------------------------------------------+ Best States ------------- Heat Dissipation 25 Energy Generation 10 Energy Capacity 125 Matter Stores 373 Matter Capacity 400 Sight Range 16 Robot Scan Range 10 Terrain Scan Range 16 Terrain Scan Density 60 Evasion (%) 50 Item Schematics ----------------- None Robot Schematics ------------------ None Fabricated ------------ Nothing Alien Tech Used ----------------- None Achievements -------------- First Step to Greatness One Hack Too Far Storm Trooper Uninvited Guest Challenges ------------ None Game ------ Seed EnergyQuantumChainsword Manual? 0 Play Time 01:06:25 Cumulative 2.1 hours Start 2021.07.11 @ 21:26:42 End 2021.07.11 @ 22:52:19 Sessions 2 Manual Loads 0 Difficulty Rogue Special Mode None Game No. 1 Rogue 1 Adventurer 0 Explorer 0 Win Type - Total 0 Types 0/0/0/0/0/0/0/0/0 Lore% 0 Gallery% 1 Achievement% 1 Wizard Run 0 Options --------- ASCII 0 Keyboard 0 Movement Mouse Keybinds 0 Fullscreen 2 Font 18/Terminus Map View 76x50 Tactical HUD 1 Map Filters NONE Filters NONE Steam 1 RUN: b033ee73-0349-4b73-8950-f80e226f2696